 Dungeon Crawl Stone Soup version 0.32-a0-995-gb4a59205af (webtiles) character file.

Game seed: 2234154547849157663

496 jasper the Ruffian (level 6, -1/61 HPs)
             Began as a Troll Fighter on Apr 22, 2024.
             Slain by an orc
             ... wielding a +0 war axe
              (10 damage)
             ... on level 6 of the Dungeon.
             The game lasted 00:03:29 (1784 turns).

jasper the Ruffian (Troll Fighter)                  Turns: 1784, Time: 00:03:30

Health: -1/61      AC:  4    Str: 25    XL:     6   Next: 93%
Magic:  5/5        EV:  8    Int:  6    God:
Gold:   100        SH:  9    Dex:  9    Spells: 5/5 levels left

rFire   + .          .
                       - Unarmed
rCold   . . .        b - +1 kite shield
rNeg    . . .        a - +0 robe
rPois   .            (helmet restricted)
rElec   .            (no cloak)
rCorr   +            (gloves unavailable)
SInv    .            (boots unavailable)
Will    .....        (no amulet)
Stlth   +            o - ring of resist corrosion
HPRegen 1.10/turn    m - ring of protection from fire
MPRegen 0.09/turn

%: no passive effects
@: no status effects
A: large, unfitting armour, claws 3, regeneration 1, shaggy fur 1, tough skin 1
a: no special abilities


You were on level 6 of the Dungeon.
You visited 1 branch of the dungeon, and saw 4 of its levels.

You collected 100 gold pieces.

Inventory:

Missiles
 e - 40 stones
 l - 6 boomerangs (quivered)
Armour
 a - a +0 robe (worn)
 b - a +1 kite shield (worn)
Jewellery
 m - a ring of protection from fire (right claw)
 o - a ring of resist corrosion (left claw)
 p - a ring of ice
Scrolls
 d - 2 scrolls of teleportation
 g - a scroll of identify
 h - a scroll of enchant armour
 i - a scroll of enchant weapon {unknown}
Potions
 c - a potion of might
 f - a potion of berserk rage
 n - 2 potions of haste {unknown}
 q - 2 potions of enlightenment {unknown}


   Skills:
 + Level 3.6 Fighting
 + Level 3.6 Dodging
 + Level 4.0 Shields
 * Level 5.0 Unarmed Combat


You had 5 spell levels left.
You didn't know any spells.
Your spell library contained the following spells:

 Spells                   Type           Power      Damage    Failure   Level
 Ensorcelled Hibernation  Hex/Ice        0%         N/A       83%         2
 Fugue of the Fallen      Necr           0%         N/A       97%         3
 Anguish                  Hex/Necr       0%         N/A       100%        4


Dungeon Overview and Level Annotations

Branches:
Dungeon (3/15)

Altars:

Annotations:
D:6 2 runed translucent doors


Innate Abilities, Weirdness & Mutations

You are too large for most types of armour.
You have claws for hands.
Your natural rate of healing is unusually fast.
You are covered in fur. (AC +1)
You have tough skin. (AC +1)


Message History

The orc warrior is severely wounded.
You block the orc warrior's attack.
You barely miss the orc warrior.
The orc warrior is severely wounded.
The orc warrior hits you with a +0 hand axe!
You take 12 damage, and have 32/61 hp.
You scratch the orc warrior but do no damage.
The orc warrior is severely wounded.
The orc warrior misses you.
You scratch the orc warrior but do no damage.
The orc warrior is severely wounded.
The orc warrior hits you with a +0 hand axe!
You closely miss the orc warrior.
The orc warrior is severely wounded.
The orc warrior hits you with a +0 hand axe!
* * * LOW HITPOINT WARNING * * *
You take 22 damage, and have 11/61 hp.
MASSIVE DAMAGE!!
You scratch the orc warrior.
The orc warrior is severely wounded.
You block the orc warrior's attack.
You claw the orc warrior!
You kill the orc warrior!
Your Shields skill increases to level 4!
Your Unarmed Combat skill increases to level 5!
You closely miss the orc. You block the orc's attack.
You scratch the orc.
The orc is severely wounded.
You block the orc's attack.
You barely miss the orc.
The orc is severely wounded.
The orc hits you with a +0 war axe!
* * * LOW HITPOINT WARNING * * *
You take 8 damage, and have 7/61 hp.
You barely miss the orc.
The orc is severely wounded.
The orc barely misses you.
You closely miss the orc.
The orc is severely wounded.
The orc hits you with a +0 war axe!
You die...

...............
#######'########.#
...............#.#
...............#.#
....#######....#.#
... #bbsss#....#.#
.. +bsyBs+....#.#
... #.ssss#....#o# #
....#######....#@#.#
...............#.#.#
...............#...#
#######'########...#
..........†........#
.#############.#####
#.......# #########
####


You could see an orc.

Vanquished Creatures
  An ice beast (D:6)
  An orc warrior (D:6)
  A scorpion (D:6)
  Jessica (D:2)
  Terence (D:2)
  An iguana (D:6)
  An orc wizard (D:3)
  4 gnolls (D:3)
  An adder (D:3)
  4 dart slugs
  11 orcs
  5 bats
  6 endoplasms
  3 giant cockroaches
  11 goblins
  11 hobgoblins
  3 quokkas
  4 ball pythons
  7 frilled lizards
  5 kobolds
  8 rats
90 creatures vanquished.

Notes
Turn   | Place    | Note
-------+----------+-------------------------------------------
     0 | D:1      | jasper the Troll Fighter began the quest for the Orb.
     0 | D:1      | Reached XP level 1. HP: 22/22 MP: 0/0
    85 | D:1      | Reached XP level 2. HP: 29/29 MP: 1/1
   357 | D:1      | Reached XP level 3. HP: 34/36 MP: 2/2
   652 | D:2      | Noticed Terence
   666 | D:2      | Killed Terence
   667 | D:2      | Reached skill level 3 in Unarmed Combat
   669 | D:2      | Reached XP level 4. HP: 25/44 MP: 3/3
   731 | D:2      | Noticed Jessica
   736 | D:2      | Killed Jessica
  1285 | D:3      | Reached XP level 5. HP: 38/53 MP: 4/4
  1494 | D:3      | Reached skill level 4 in Unarmed Combat
  1566 | D:3      | You fall into a shaft and drop 3 floors!
  1570 | D:6      | Noticed an ice beast
  1581 | D:6      | Killed an ice beast
  1582 | D:6      | Reached XP level 6. HP: 61/61 MP: 5/5
  1728 | D:6      | Found a runed translucent door.
  1730 | D:6      | Found a runed translucent door.
  1753 | D:6      | Noticed an orc warrior
  1779 | D:6      | Killed an orc warrior
  1780 | D:6      | Reached skill level 5 in Unarmed Combat
  1784 | D:6      | Slain by an orc

Illustrated notes

Levels and vault maps discovered:
D:1:      lightli_arrival_farm, layout_basic, minmay_tetromino_l2
D:2:      layout_basic, roderic_serpentine_path, grunt_decor_junction,
          uniq_jessica, uniq_terence
D:3:      layout_rooms
D:6:      lemuel_insect_pit, layout_basic, nicolae_dithmenos_shadow_blocks,
          nicolae_ossuary_entry_false_entrances, uniq_eustachio

Skill      XL: |  1  2  3  4  5  6 |
---------------+-------------------+-----
Shields        | 3 4 |  4.0
Unarmed Combat | 3 4 5 |  5.0
Fighting       | 3 |  3.6
Dodging        | 3 |  3.6

Action                     |  1- 3 |  4- 6 || total
---------------------------+-------+-------++-------
  Melee: Unarmed           |    75 |   139 ||   214
  Throw: Boomerang         |     2 |     6 ||     8
    Use: Scroll            |       |     6 ||     6
         Potion            |       |     1 ||     1
 Armour: Robe              |    40 |    61 ||   101
  Dodge: Dodged            |    24 |    33 ||    57
  Block: Kite shield       |    25 |    50 ||    75

Table legend: (Time is in decaauts)
 A = Elapsed time spent in this place.
 B = Non-inter-level travel time spent in this place.
 C = Inter-level travel time spent in this place.
 D = Time resting spent in this place.
 E = Time spent auto-exploring this place.
 F = Levels seen in this place.
 G = Mean time per level.
                   A        B        C        D        E       F      G
               +--------+--------+--------+--------+--------+-----+--------+
         Total |   1813 |   1789 |     24 |     36 |   1167 |   4 |  453.2 |
       Dungeon |   1813 |   1789 |     24 |     36 |   1167 |   4 |  453.2 |
               +--------+--------+--------+--------+--------+-----+--------+

Top non-repeatable levels by time:
     D:2: 680 daAuts
     D:1: 595 daAuts
     D:3: 302 daAuts
     D:6: 234 daAuts
